Worcester Sharks vs Hershey Bears

Created - 12 novembre 2020 at 16:55

Goals
1 2 3 T
Worcester Sharks 0 1 1 2
Hershey Bears 0 2 1 3
Shots
1 2 3 T
Worcester Sharks 3 14 23 40
Hershey Bears 8 18 10 36

1st period

No Goal

Penalties :
No Penalty

2nd period

1. Hershey Bears , Colby Cave 1 (Ross Colton 1) at 6:42 (PP)
2. Hershey Bears , Dalton Prout 1 (Colby Cave 1, Ross Colton 2) at 12:34 (PP)
3. Worcester Sharks , Brett Kulak 1 (Garrett Pilon 1, Carsen Twarynski 1) at 13:46 (PP)

Penalties :
Dalton Prout (BEA) for Hooking (Minor) at 4:12, Christian Wolanin (SRK) for Roughing (Minor) at 4:49, Nick DeSimone (BEA) for Hooking (Minor) at 10:21, Hudson Elynuik (SRK) for Goalie Interference (Minor) at 12:28, Dalton Prout (BEA) for Fighting (Major) at 12:48, David Gust (SRK) for Fighting (Major) at 12:48, Matt Donovan (BEA) for Slashing (Minor) at 13:13

3rd period

4. Worcester Sharks , Andy Miele 1 (Travis Boyd 1) at 17:50 (PP)
5. Hershey Bears , Cory Conacher 1 (Dalton Prout 1, Matt Donovan 1) at 18:00

Penalties :
Brett Kulak (SRK) for Close Hand On Puck (Minor) at 6:58, Eric Tangradi (BEA) for Tripping (Minor) at 16:49, Jani Hakanpaa (BEA) for Fighting (Major) at 18:50, Frank Corrado (SRK) for Fighting (Major) at 18:50

Goalie Stats

Ivan Prosvetov (SRK), 33 saves from 36 shots - (0,917), L, 0-1-0, 59:04 minutes
Joseph Woll (BEA), 38 saves from 40 shots - (0,950), W, 1-0-0, 60:00 minutes

Players Stats for Worcester Sharks

Player Name              G  A  P  +/- PIM S  H  SB GA TA FO     MP     PP MP  PK MP  
------------------------------------------------------------------------------------
Andy Miele               1  0  1   0  0   5  2  1  0  0  11/22  18:00   2:15   0:00 
Brandon Pirri            0  0  0   0  0   2  0  1  3  1  0/2    16:37   0:04   0:25 
Brent Gates              0  0  0   0  0   0  2  0  0  2  1/2    13:11   1:51   0:49 
Brett Kulak              1  0  1   0  2   2  2  4  0  1  0/0    26:09   3:09   0:25 
Brian Gibbons            0  0  0  -1  0   0  0  1  1  1  0/0    13:10   0:00   1:22 
Carsen Twarynski         0  1  1  -1  0   2  0  1  1  0  0/0    13:33   1:51   0:00 
Christian Wolanin        0  0  0   0  2   0  0  0  0  0  0/0    13:35   1:00   0:54 
David Gust               0  0  0   0  5   2  1  1  0  0  0/0    12:42   0:00   0:00 
Frank Corrado            0  0  0  -1  5   3  1  1  2  1  0/0    20:55   1:01   1:00 
Garrett Pilon            0  1  1   0  0   2  4  1  1  1  9/19   15:58   1:55   0:00 
Hudson Elynuik           0  0  0   0  2   3  0  0  0  0  1/3     9:44   0:04   0:00 
Jimmy Schuldt            0  0  0   0  0   0  1  1  1  0  0/0    16:01   3:09   1:17 
Joseph Veleno            0  0  0  -1  0   4  0  0  3  0  2/5    12:08   0:00   0:00 
Kristians Rubins         0  0  0   0  0   4  2  2  1  1  0/0    24:31   0:00   1:36 
Nelson Nogier            0  0  0  -1  0   2  0  1  0  0  0/0    18:46   0:00   0:00 
Nikita Jevpalovs         0  0  0   0  0   4  3  1  0  0  0/0    11:08   0:00   0:00 
Remi Elie                0  0  0   0  0   3  2  1  0  0  0/1    18:23   2:15   0:49 
Travis Boyd              0  1  1   0  0   2  1  0  1  0  3/9    21:26   2:15   1:47 

Players Stats for Hershey Bears

Player Name              G  A  P  +/- PIM S  H  SB GA TA FO     MP     PP MP  PK MP  
------------------------------------------------------------------------------------
Alexander True           0  0  0   1  0   3  3  0  1  1  1/1    18:48   1:04   0:00 
Boo Nieves               0  0  0   1  0   5  2  1  0  1  15/25  23:03   1:29   2:55 
Brett Murray             0  0  0   0  0   0  1  0  0  0  1/1    12:38   0:00   0:29 
Colby Cave               1  1  2   0  0   2  1  0  0  1  7/15   15:10   1:07   0:46 
Cory Conacher            1  0  1   1  0   9  0  0  0  2  5/11   23:21   1:29   2:55 
Dalton Prout             1  1  2   1  7   2  3  0  0  3  0/0    23:18   1:51   1:46 
Eric Tangradi            0  0  0   0  2   1  0  0  1  0  0/0    14:08   1:07   0:00 
Jani Hakanpaa            0  0  0   0  5   2  0  2  0  0  0/0    19:31   0:45   1:49 
Jordy Bellerive          0  0  0   0  0   2  1  0  1  1  2/4    12:01   0:00   0:00 
Maksim Sushko            0  0  0   0  0   2  2  0  1  0  1/2    12:30   0:00   0:29 
Marian Studenic          0  0  0   0  0   0  1  0  1  0  0/0     9:09   0:00   0:00 
Matt Donovan             0  1  1   1  2   3  0  1  0  2  0/0    28:16   1:51   2:20 
Nick DeSimone            0  0  0   0  2   1  1  2  0  2  0/0    17:52   0:45   0:16 
Parker Wotherspoon       0  0  0   0  0   0  1  1  0  0  0/0    14:21   0:00   1:50 
Ross Colton              0  2  2   0  0   3  2  1  2  0  2/2    15:10   1:07   0:46 
Sean Durzi               0  0  0   0  0   1  1  2  0  0  0/0    16:48   0:25   0:19 
Thomas Di Pauli          0  0  0   0  0   0  3  0  0  1  0/0     9:09   0:00   0:00 
Travis St. Denis         0  0  0   0  0   0  1  0  1  0  2/2     9:09   0:00   0:00 

3 Stars

1 - Joseph Woll (BEA)
2 - Colby Cave (BEA)
3 - Ross Colton (BEA)

Power Play

Worcester Sharks - 2 on 4 Attempt(s) - 50,00%
Hershey Bears - 2 on 3 Attempt(s) - 66,67%

Penalty Kill

Worcester Sharks - 1 on 3 Attempt(s) - 33,33% - Score 0 goal in Penalty Kill
Hershey Bears - 2 on 4 Attempt(s) - 50,00% - Score 0 goal in Penalty Kill

Team Stat

Worcester Sharks - Hits : 21 - Faceoff Wins : 27 - Blocked Shots : 17 - Penalty Minutes : 16
Hershey Bears - Hits : 23 - Faceoff Wins : 36 - Blocked Shots : 10 - Penalty Minutes : 18

Official

Referees : Jean Hebert and Garrett Rank
Linesman : Travis Toomey and Greg Devorski

Game Notes

Dalton Prout and David Gust fight to a draw at 12:48 of 2nd period
Jani Hakanpaa and Frank Corrado fight to a draw at 18:50 of 3rd period

Finance

Level 1 -- Attendance: 1574 (78,70%) -- Ticket Income 55 090 $
Level 2 -- Attendance: 777 (77,70%) -- Ticket Income 11 655 $
Total Attendance: 2351 (78,37%)
Total Ticket Income: 66 745 $
Other Income: 32 705 $
Total Income: 99 450 $

Worcester Sharks

5 vs 5 Forward 
   Center                   Left Wing                Right Wing               Time % Phy DF OF 
 1 Andy Miele               Remi Elie                Travis Boyd              35     0   0  5  
 2 Garrett Pilon            David Gust               Brandon Pirri            34     0   1  4  
 3 Joseph Veleno            Carsen Twarynski         Brian Gibbons            24     0   2  3  
 4 Hudson Elynuik           Brent Gates              Nikita Jevpalovs         7      1   2  2  

5 vs 5 Defense 
   Defense                  Defense                                           Time % Phy DF OF 
 1 Brett Kulak              Kristians Rubins                                  37     0   2  3  
 2 Frank Corrado            Nelson Nogier                                     36     0   2  3  
 3 Christian Wolanin        Jimmy Schuldt                                     20     0   3  2  
 4 Brett Kulak              Kristians Rubins                                  7      1   2  2  

PowerPlay Forward 
   Center                   Left Wing                Right Wing               Time % Phy DF OF 
 1 Andy Miele               Remi Elie                Travis Boyd              55     1   2  2  
 2 Garrett Pilon            Brent Gates              Carsen Twarynski         45     1   2  2  

PowerPlay Defense
   Defense                  Defense                                           Time % Phy DF OF 
 1 Brett Kulak              Jimmy Schuldt                                     55     1   2  2  
 2 Christian Wolanin        Frank Corrado                                     45     1   2  2  

Penalty Kill 4 Players Forward 
   Center                   Wing                     Time % Phy DF OF 
 1 Travis Boyd              Brian Gibbons            55     0   4  1  
 2 Brent Gates              Remi Elie                45     0   4  1  

Penalty Kill 4 Players Defense
   Defense                  Defense                  Time % Phy DF OF 
 1 Kristians Rubins         Jimmy Schuldt            55     0   4  1  
 2 Frank Corrado            Christian Wolanin        45     0   4  1  

Penalty Kill - 3 Players Forward 
   Forward                                           Time % Phy DF OF 
 1 Travis Boyd                                       55     0   5  0  
 2 Brent Gates                                       45     0   5  0  

Penalty Kill - 3 Players Defense
   Defense                  Defense                  Time % Phy DF OF 
 1 Brett Kulak              Kristians Rubins         55     0   5  0  
 2 Frank Corrado            Nelson Nogier            45     0   5  0  

4 vs 4 Forward 
   Center                   Wing                     Time % Phy DF OF 
 1 Travis Boyd              Brandon Pirri            55     0   2  3  
 2 Andy Miele               Nikita Jevpalovs         45     0   2  3  

4 vs 4 Defense
   Defense                  Defense                  Time % Phy DF OF 
 1 Brett Kulak              Kristians Rubins         55     0   2  3  
 2 Frank Corrado            Nelson Nogier            45     0   2  3  

Last Minutes Offensive
   Center                   Left Wing                Right Wing               Defense                  Defense                  
   Travis Boyd              Brandon Pirri            Nikita Jevpalovs         Brett Kulak              Kristians Rubins         

Last Minutes Defensive
   Center                   Left Wing                Right Wing               Defense                  Defense                  
   Travis Boyd              Brandon Pirri            Nikita Jevpalovs         Brett Kulak              Kristians Rubins         

Goaltenders
Starting : Ivan Prosvetov           
Backup : Eric Comrie              

Extra Forwards
Normal : Brent Gates, Hudson Elynuik, Joseph Veleno - PP : Brent Gates, Hudson Elynuik - PK : Joseph Veleno
Extra Defensemen
Normal : Christian Wolanin, Jimmy Schuldt, Frank Corrado - PP : Christian Wolanin - PK : Jimmy Schuldt, Frank Corrado
Penalty Shots
Travis Boyd, Garrett Pilon, Brandon Pirri, Andy Miele, David Gust

Scratches
Jeremy Davies (Healthy), Teemu Kivihalme (Healthy), John Nyberg (Healthy), James de Haas (Healthy), Michael Prapavessis (Healthy)
William Lochead (Healthy), Cooper Zech (Healthy), Dylan Wells (Healthy), Ukko-Pekka Luukkonen (Healthy)

Hershey Bears

5 vs 5 Forward 
   Center                   Left Wing                Right Wing               Time % Phy DF OF 
 1 Boo Nieves               Cory Conacher            Alexander True           40     1   2  2  
 2 Colby Cave               Ross Colton              Eric Tangradi            30     1   2  2  
 3 Jordy Bellerive          Brett Murray             Maksim Sushko            20     1   2  2  
 4 Travis St. Denis         Thomas Di Pauli          Marian Studenic          10     1   2  2  

5 vs 5 Defense 
   Defense                  Defense                                           Time % Phy DF OF 
 1 Dalton Prout             Matt Donovan                                      40     1   2  2  
 2 Jani Hakanpaa            Nick DeSimone                                     30     1   2  2  
 3 Sean Durzi               Parker Wotherspoon                                20     1   2  2  
 4 Dalton Prout             Matt Donovan                                      10     1   2  2  

PowerPlay Forward 
   Center                   Left Wing                Right Wing               Time % Phy DF OF 
 1 Boo Nieves               Cory Conacher            Alexander True           60     1   2  2  
 2 Colby Cave               Ross Colton              Eric Tangradi            40     1   2  2  

PowerPlay Defense
   Defense                  Defense                                           Time % Phy DF OF 
 1 Dalton Prout             Matt Donovan                                      60     1   2  2  
 2 Jani Hakanpaa            Nick DeSimone                                     40     1   2  2  

Penalty Kill 4 Players Forward 
   Center                   Wing                     Time % Phy DF OF 
 1 Cory Conacher            Boo Nieves               60     1   2  2  
 2 Colby Cave               Ross Colton              40     1   2  2  

Penalty Kill 4 Players Defense
   Defense                  Defense                  Time % Phy DF OF 
 1 Dalton Prout             Matt Donovan             60     1   2  2  
 2 Jani Hakanpaa            Nick DeSimone            40     1   2  2  

Penalty Kill - 3 Players Forward 
   Forward                                           Time % Phy DF OF 
 1 Cory Conacher                                     60     1   2  2  
 2 Boo Nieves                                        40     1   2  2  

Penalty Kill - 3 Players Defense
   Defense                  Defense                  Time % Phy DF OF 
 1 Dalton Prout             Matt Donovan             60     1   2  2  
 2 Jani Hakanpaa            Nick DeSimone            40     1   2  2  

4 vs 4 Forward 
   Center                   Wing                     Time % Phy DF OF 
 1 Cory Conacher            Boo Nieves               60     1   2  2  
 2 Colby Cave               Ross Colton              40     1   2  2  

4 vs 4 Defense
   Defense                  Defense                  Time % Phy DF OF 
 1 Dalton Prout             Matt Donovan             60     1   2  2  
 2 Jani Hakanpaa            Nick DeSimone            40     1   2  2  

Last Minutes Offensive
   Center                   Left Wing                Right Wing               Defense                  Defense                  
   Boo Nieves               Cory Conacher            Alexander True           Dalton Prout             Matt Donovan             

Last Minutes Defensive
   Center                   Left Wing                Right Wing               Defense                  Defense                  
   Boo Nieves               Cory Conacher            Alexander True           Dalton Prout             Matt Donovan             

Goaltenders
Starting : Joseph Woll              
Backup : Stuart Skinner           

Extra Forwards
Normal : Brett Murray, Jordy Bellerive, Maksim Sushko - PP : Brett Murray, Jordy Bellerive - PK : Maksim Sushko
Extra Defensemen
Normal : Sean Durzi, Parker Wotherspoon, Jani Hakanpaa - PP : Sean Durzi - PK : Parker Wotherspoon, Jani Hakanpaa
Penalty Shots
Cory Conacher, Boo Nieves, Colby Cave, Ross Colton, Alexander True

Scratches
Niclas Almari (Healthy), Colby Sissons (Healthy), Mason Jobst (Healthy)

% Time on Ice - Worcester Sharks

Lines # - Real PCT - Wanted PCT - Time Play
Normal Forward
1 - 30% - 35% - 15:19
2 - 28% - 34% - 14:03
3 - 23% - 24% - 11:48
4 - 19% - 7% - 9:33
Normal Defense
1 - 38% - 37% - 19:13
2 - 37% - 36% - 18:44
3 - 22% - 20% - 11:07
4 - 3% - 7% - 1:39
PP Forward
1 - 54% - 55% - 2:15
2 - 46% - 45% - 1:55
PP Defense
1 - 76% - 55% - 3:09
2 - 24% - 45% - 1:01
PK Forward
1 - 69% - 55% - 1:47
2 - 31% - 45% - 0:49
PK Defense
1 - 62% - 55% - 1:36
2 - 38% - 45% - 1:00
PK3 Forward
1 - 0% - 55%
2 - 0% - 45%
PK3 Defense
1 - 0% - 55%
2 - 0% - 45%
44 Forward
1 - 68% - 55% - 0:56
2 - 32% - 45% - 0:26
44 Defense
1 - 66% - 55% - 0:54
2 - 34% - 45% - 0:28
Last Minute Offensive  - 1:09
Last Minute Defensive  - 0:00
Total
Forward - 60:00
Defense - 60:00

% Time on Ice - Hershey Bears

Lines # - Real PCT - Wanted PCT - Time Play
Normal Forward
1 - 33% - 40% - 16:43
2 - 26% - 30% - 13:02
3 - 23% - 20% - 11:49
4 - 18% - 10% - 9:09
Normal Defense
1 - 41% - 40% - 20:48
2 - 30% - 30% - 15:14
3 - 22% - 20% - 11:18
4 - 7% - 10% - 3:23
PP Forward
1 - 57% - 60% - 1:29
2 - 43% - 40% - 1:07
PP Defense
1 - 71% - 60% - 1:51
2 - 29% - 40% - 0:45
PK Forward
1 - 82% - 60% - 3:24
2 - 18% - 40% - 0:46
PK Defense
1 - 69% - 60% - 2:53
2 - 31% - 40% - 1:17
PK3 Forward
1 - 0% - 60%
2 - 0% - 40%
PK3 Defense
1 - 0% - 60%
2 - 0% - 40%
44 Forward
1 - 82% - 60% - 1:07
2 - 18% - 40% - 0:15
44 Defense
1 - 50% - 60% - 0:41
2 - 50% - 40% - 0:41
Last Minute Offensive  - 0:00
Last Minute Defensive  - 1:09
Total
Forward - 60:00
Defense - 60:00

Play-by-Play

1st period


0:01 of 1st period - Andy Miele wins face-off versus Boo Nieves in neutral zone.
0:08 of 1st period - Snap shot by Cory Conacher.
0:08 of 1st period - Stopped by Ivan Prosvetov without a rebound.
0:09 of 1st period - Andy Miele wins face-off versus Boo Nieves in Worcester Sharks zone.
0:35 of 1st period - Snap shot by Andy Miele.
0:35 of 1st period - Stopped by Joseph Woll with a rebound.
0:40 of 1st period - Off-side.
0:41 of 1st period - Colby Cave wins face-off versus Garrett Pilon in neutral zone.
0:46 of 1st period - Snap shot by Eric Tangradi.
0:46 of 1st period - Shot Blocked by David Gust.
1:37 of 1st period - Off-side.
1:38 of 1st period - Garrett Pilon wins face-off versus Colby Cave in neutral zone.
1:40 of 1st period - Off-side.
1:41 of 1st period - Garrett Pilon wins face-off versus Colby Cave in neutral zone.
2:15 of 1st period - Snap shot by Cory Conacher.
2:15 of 1st period - Stopped by Ivan Prosvetov with a rebound.
2:17 of 1st period - Snap shot by Alexander True.
2:17 of 1st period - Stopped by Ivan Prosvetov without a rebound.
2:18 of 1st period - Maksim Sushko wins face-off versus Andy Miele in Worcester Sharks zone.
2:19 of 1st period - Wrist shot by Brett Murray.
2:19 of 1st period - Shot Misses the Net.
2:21 of 1st period - Snap shot by Jordy Bellerive.
2:21 of 1st period - Shot Misses the Net.
2:23 of 1st period - Slapshot by Sean Durzi.
2:23 of 1st period - Stopped by Ivan Prosvetov without a rebound.
2:24 of 1st period - Andy Miele wins face-off versus Jordy Bellerive in Worcester Sharks zone.
2:24 of 1st period - Andy Miele is hit by Brett Murray.
2:42 of 1st period - Jordy Bellerive is hit by Remi Elie.
3:08 of 1st period - Brett Murray is hit by Remi Elie.
3:31 of 1st period - Slapshot by Jordy Bellerive.
3:31 of 1st period - Stopped by Ivan Prosvetov with a rebound.
3:33 of 1st period - Snap shot by Maksim Sushko.
3:33 of 1st period - Shot Misses the Net.
3:43 of 1st period - Slapshot by Travis Boyd.
3:43 of 1st period - Shot Misses the Net.
3:55 of 1st period - Wrist shot by Maksim Sushko.
3:55 of 1st period - Stopped by Ivan Prosvetov with a rebound.
4:01 of 1st period - Wrist shot by Jordy Bellerive.
4:01 of 1st period - Shot Misses the Net.
4:03 of 1st period - Slapshot by Maksim Sushko.
4:03 of 1st period - Shot Blocked by Andy Miele.
5:01 of 1st period - Snap shot by Maksim Sushko.
5:01 of 1st period - Stopped by Ivan Prosvetov without a rebound.
5:02 of 1st period - Cory Conacher wins face-off versus Garrett Pilon in Worcester Sharks zone.
6:32 of 1st period - Off-side.
6:33 of 1st period - Travis St. Denis wins face-off versus Brent Gates in neutral zone.
6:36 of 1st period - Wrist shot by Marian Studenic.
6:36 of 1st period - Shot Blocked by Nelson Nogier.
6:38 of 1st period - Backhand shot by Thomas Di Pauli.
6:38 of 1st period - Shot Misses the Net.
6:40 of 1st period - Snap shot by Travis St. Denis.
6:40 of 1st period - Shot Misses the Net.
7:00 of 1st period - Nick DeSimone is hit by Garrett Pilon and loses puck.
7:09 of 1st period - Wrist shot by Brandon Pirri.
7:09 of 1st period - Shot Misses the Net.
7:11 of 1st period - Slapshot by Frank Corrado.
7:11 of 1st period - Stopped by Joseph Woll with a rebound.
8:29 of 1st period - Boo Nieves is hit by Nikita Jevpalovs and loses puck.
8:40 of 1st period - Frank Corrado is hit by Thomas Di Pauli and loses puck.
9:21 of 1st period - Thomas Di Pauli is hit by Nikita Jevpalovs and loses puck.
10:09 of 1st period - Travis Boyd is hit by Dalton Prout and loses puck.
10:50 of 1st period - Thomas Di Pauli is hit by Jimmy Schuldt and loses puck.
11:09 of 1st period - Christian Wolanin is hit by Nick DeSimone and loses puck.
11:40 of 1st period - Jordy Bellerive is hit by David Gust and loses puck.
12:03 of 1st period - Wrist shot by Jordy Bellerive.
12:03 of 1st period - Shot Blocked by Brett Kulak.
12:21 of 1st period - Sean Durzi is hit by Andy Miele and loses puck.
12:38 of 1st period - Christian Wolanin is hit by Parker Wotherspoon and loses puck.
12:51 of 1st period - Jimmy Schuldt is hit by Maksim Sushko and loses puck.
13:42 of 1st period - Hudson Elynuik is hit by Alexander True and loses puck.
14:03 of 1st period - Travis Boyd is hit by Dalton Prout and loses puck.
14:24 of 1st period - Snap shot by Joseph Veleno.
14:24 of 1st period - Stopped by Joseph Woll with a rebound.
14:28 of 1st period - Wrist shot by Joseph Veleno.
14:28 of 1st period - Shot Misses the Net.
14:52 of 1st period - Garrett Pilon is hit by Travis St. Denis and loses puck.
15:27 of 1st period - Snap shot by Hudson Elynuik.
15:27 of 1st period - Shot Hit the Post.
15:29 of 1st period - Snap shot by Nikita Jevpalovs.
15:29 of 1st period - Shot Misses the Net.
15:31 of 1st period - Snap shot by Nelson Nogier.
15:31 of 1st period - Shot Blocked by Nick DeSimone.
15:33 of 1st period - Wrist shot by Brent Gates.
15:33 of 1st period - Shot Misses the Net.
15:35 of 1st period - Wrist shot by Brent Gates.
15:35 of 1st period - Shot Blocked by Boo Nieves.
16:15 of 1st period - Sean Durzi is hit by Brett Kulak and loses puck.
16:22 of 1st period - Brian Gibbons is hit by Boo Nieves and loses puck.
16:41 of 1st period - Joseph Veleno is hit by Sean Durzi and loses puck.
16:50 of 1st period - Snap shot by Cory Conacher.
16:50 of 1st period - Shot Blocked by Jimmy Schuldt.
16:52 of 1st period - Slapshot by Dalton Prout.
16:52 of 1st period - Shot Blocked by Carsen Twarynski.
16:56 of 1st period - Wrist shot by Cory Conacher.
16:56 of 1st period - Stopped by Ivan Prosvetov without a rebound.
16:57 of 1st period - Colby Cave wins face-off versus Andy Miele in Worcester Sharks zone.
17:02 of 1st period - Snap shot by Colby Cave.
17:02 of 1st period - Shot Misses the Net.
17:04 of 1st period - Slapshot by Dalton Prout.
17:04 of 1st period - Shot Misses the Net.
17:06 of 1st period - Slapshot by Dalton Prout.
17:06 of 1st period - Shot Blocked by Remi Elie.
17:08 of 1st period - Snap shot by Colby Cave.
17:08 of 1st period - Shot Blocked by Kristians Rubins.
17:10 of 1st period - Slapshot by Dalton Prout.
17:10 of 1st period - Shot Misses the Net.
17:12 of 1st period - Slapshot by Dalton Prout.
17:12 of 1st period - Shot Blocked by Brett Kulak.
17:27 of 1st period - Maksim Sushko is hit by Garrett Pilon and loses puck.
17:45 of 1st period - Jani Hakanpaa is hit by Brett Kulak and loses puck.
18:24 of 1st period - Brandon Pirri is hit by Maksim Sushko and loses puck.
18:51 of 1st period - Brett Murray is hit by Kristians Rubins and loses puck.
Goals for this period are 0 for Worcester Sharks vs 0 for Hershey Bears.
Shots for this period are 3 for Worcester Sharks vs 8 for Hershey Bears.

2nd period


0:01 of 2nd period - Boo Nieves wins face-off versus Garrett Pilon in neutral zone.
0:13 of 2nd period - Cory Conacher is hit by Kristians Rubins and loses puck.
0:31 of 2nd period - Snap shot by Andy Miele.
0:31 of 2nd period - Stopped by Joseph Woll with a rebound.
0:51 of 2nd period - Jani Hakanpaa is hit by Frank Corrado and loses puck.
0:59 of 2nd period - Off-side.
1:00 of 2nd period - Boo Nieves wins face-off versus Garrett Pilon in neutral zone.
1:03 of 2nd period - Wrist shot by Alexander True.
1:03 of 2nd period - Deflect By Cory Conacher.
1:03 of 2nd period - Deflect By Garrett Pilon.
1:03 of 2nd period - Stopped by Ivan Prosvetov with a rebound.
1:05 of 2nd period - Wrist shot by Boo Nieves.
1:05 of 2nd period - Stopped by Ivan Prosvetov with a rebound.
1:07 of 2nd period - Wrist shot by Alexander True.
1:07 of 2nd period - Deflect By Boo Nieves.
1:07 of 2nd period - Stopped by Ivan Prosvetov with a rebound.
1:09 of 2nd period - Slapshot by Nick DeSimone.
1:09 of 2nd period - Shot Blocked by Garrett Pilon.
1:11 of 2nd period - Slapshot by Jani Hakanpaa.
1:11 of 2nd period - Shot Blocked by Brandon Pirri.
1:13 of 2nd period - Slapshot by Jani Hakanpaa.
1:13 of 2nd period - Deflect By Brandon Pirri.
1:13 of 2nd period - Stopped by Ivan Prosvetov without a rebound.
1:14 of 2nd period - Boo Nieves wins face-off versus Andy Miele in Worcester Sharks zone.
1:15 of 2nd period - Wrist shot by Cory Conacher.
1:15 of 2nd period - Shot Misses the Net.
1:17 of 2nd period - Wrist shot by Matt Donovan.
1:17 of 2nd period - Shot Misses the Net.
1:19 of 2nd period - Slapshot by Alexander True.
1:19 of 2nd period - Stopped by Ivan Prosvetov with a rebound.
1:21 of 2nd period - Slapshot by Dalton Prout.
1:21 of 2nd period - Shot Misses the Net.
1:29 of 2nd period - Slapshot by Cory Conacher.
1:29 of 2nd period - Stopped by Ivan Prosvetov without a rebound.
1:30 of 2nd period - Colby Cave wins face-off versus Brandon Pirri in Worcester Sharks zone.
1:45 of 2nd period - Dalton Prout is hit by Garrett Pilon and loses puck.
1:59 of 2nd period - Snap shot by Travis Boyd.
1:59 of 2nd period - Stopped by Joseph Woll without a rebound.
2:00 of 2nd period - Boo Nieves wins face-off versus Andy Miele in Hershey Bears zone.
2:32 of 2nd period - Wrist shot by Colby Cave.
2:32 of 2nd period - Stopped by Ivan Prosvetov with a rebound.
2:50 of 2nd period - Kristians Rubins is hit by Jordy Bellerive and loses puck.
3:31 of 2nd period - Backhand shot by Ross Colton.
3:31 of 2nd period - Shot Misses the Net.
3:33 of 2nd period - Snap shot by Ross Colton.
3:33 of 2nd period - Stopped by Ivan Prosvetov with a rebound.
3:51 of 2nd period - Snap shot by Travis Boyd.
3:51 of 2nd period - Shot Misses the Net.
4:09 of 2nd period - Wrist shot by Joseph Veleno.
4:09 of 2nd period - Stopped by Joseph Woll without a rebound.
4:10 of 2nd period - Boo Nieves wins face-off versus Garrett Pilon in Hershey Bears zone.
4:12 of 2nd period - Minor Penalty to Dalton Prout for Hooking.
4:13 of 2nd period - Cory Conacher wins face-off versus Andy Miele in Hershey Bears zone.
4:49 of 2nd period - Minor Penalty to Christian Wolanin for Roughing.
4:50 of 2nd period - Boo Nieves wins face-off versus Travis Boyd in Worcester Sharks zone.
4:51 of 2nd period - Snap shot by Cory Conacher.
4:51 of 2nd period - Shot Misses the Net.
5:01 of 2nd period - Wrist shot by Travis Boyd.
5:01 of 2nd period - Stopped by Joseph Woll without a rebound.
5:02 of 2nd period - Travis Boyd wins face-off versus Cory Conacher in Hershey Bears zone.
5:03 of 2nd period - Snap shot by Brandon Pirri.
5:03 of 2nd period - Shot Misses the Net.
6:05 of 2nd period - Off-side.
6:06 of 2nd period - Brett Murray wins face-off versus Brandon Pirri in neutral zone.
6:08 of 2nd period - Off-side.
6:09 of 2nd period - Cory Conacher wins face-off versus Travis Boyd in neutral zone.
6:12 of 2nd period - Penalty to Dalton Prout is over, Dalton Prout is back on ice.
6:32 of 2nd period - Wrist shot by Cory Conacher.
6:32 of 2nd period - Shot Blocked by Brett Kulak.
6:34 of 2nd period - Slapshot by Matt Donovan.
6:34 of 2nd period - Shot Blocked by Brett Kulak.
6:36 of 2nd period - Backhand shot by Dalton Prout.
6:36 of 2nd period - Stopped by Ivan Prosvetov without a rebound.
6:37 of 2nd period - Colby Cave wins face-off versus Travis Boyd in Worcester Sharks zone.
6:42 of 2nd period - Snap shot by Colby Cave.
6:42 of 2nd period - Goal by Colby Cave - Worcester Sharks : 0 - Hershey Bears : 1.
6:43 of 2nd period - Garrett Pilon wins face-off versus Boo Nieves in neutral zone.
6:46 of 2nd period - Slapshot by Brandon Pirri.
6:46 of 2nd period - Stopped by Joseph Woll with a rebound.
7:10 of 2nd period - Dalton Prout is hit by Travis Boyd and loses puck.
9:03 of 2nd period - Snap shot by Nikita Jevpalovs.
9:03 of 2nd period - Deflect By Hudson Elynuik.
9:03 of 2nd period - Stopped by Joseph Woll with a rebound.
9:05 of 2nd period - Snap shot by Nikita Jevpalovs.
9:05 of 2nd period - Stopped by Joseph Woll with a rebound.
9:07 of 2nd period - Slapshot by Brent Gates.
9:07 of 2nd period - Shot Blocked by Sean Durzi.
9:09 of 2nd period - Snap shot by Hudson Elynuik.
9:09 of 2nd period - Shot Blocked by Sean Durzi.
9:11 of 2nd period - Slapshot by Nelson Nogier.
9:11 of 2nd period - Shot Misses the Net.
9:31 of 2nd period - Wrist shot by Cory Conacher.
9:31 of 2nd period - Deflect By Boo Nieves.
9:31 of 2nd period - Shot Misses the Net.
9:31 of 2nd period - Puck is out of play.
9:32 of 2nd period - Garrett Pilon wins face-off versus Colby Cave in Worcester Sharks zone.
9:37 of 2nd period - Snap shot by David Gust.
9:37 of 2nd period - Stopped by Joseph Woll with a rebound.
9:39 of 2nd period - Slapshot by Brandon Pirri.
9:39 of 2nd period - Shot Misses the Net.
9:41 of 2nd period - Backhand shot by Brett Kulak.
9:41 of 2nd period - Shot Misses the Net.
9:43 of 2nd period - Snap shot by David Gust.
9:43 of 2nd period - Shot Misses the Net.
9:45 of 2nd period - Slapshot by Brett Kulak.
9:45 of 2nd period - Shot Blocked by Ross Colton.
9:47 of 2nd period - Slapshot by Kristians Rubins.
9:47 of 2nd period - Shot Misses the Net.
10:21 of 2nd period - Minor Penalty to Nick DeSimone for Hooking.
10:22 of 2nd period - Andy Miele wins face-off versus Cory Conacher in Hershey Bears zone.
11:54 of 2nd period - Brett Kulak is hit by Ross Colton and loses puck.
12:21 of 2nd period - Penalty to Nick DeSimone is over, Nick DeSimone is back on ice.
12:28 of 2nd period - Minor Penalty to Hudson Elynuik for Goalie Interference.
12:29 of 2nd period - Colby Cave wins face-off versus Travis Boyd in Worcester Sharks zone.
12:32 of 2nd period - Slapshot by Colby Cave.
12:32 of 2nd period - Shot Misses the Net.
12:34 of 2nd period - Slapshot by Dalton Prout.
12:34 of 2nd period - Goal by Dalton Prout - Worcester Sharks : 0 - Hershey Bears : 2.
12:35 of 2nd period - Boo Nieves wins face-off versus Garrett Pilon in neutral zone.
12:38 of 2nd period - Kristians Rubins is hit by Alexander True and loses puck.
12:45 of 2nd period - Slapshot by Cory Conacher.
12:45 of 2nd period - Stopped by Ivan Prosvetov with a rebound.
12:48 of 2nd period - Dalton Prout and David Gust fight to a draw.
12:48 of 2nd period - Penalty to Dalton Prout for Fighting.
12:48 of 2nd period - Penalty to David Gust for Fighting.
12:49 of 2nd period - Boo Nieves wins face-off versus Garrett Pilon in Worcester Sharks zone.
13:00 of 2nd period - Wrist shot by Garrett Pilon.
13:00 of 2nd period - Stopped by Joseph Woll without a rebound.
13:01 of 2nd period - Travis Boyd wins face-off versus Cory Conacher in Hershey Bears zone.
13:04 of 2nd period - Snap shot by Andy Miele.
13:04 of 2nd period - Shot Misses the Net.
13:06 of 2nd period - Slapshot by Remi Elie.
13:06 of 2nd period - Stopped by Joseph Woll with a rebound.
13:08 of 2nd period - Wrist shot by Remi Elie.
13:08 of 2nd period - Shot Misses the Net.
13:13 of 2nd period - Minor Penalty to Matt Donovan for Slashing.
13:14 of 2nd period - Andy Miele wins face-off versus Cory Conacher in Hershey Bears zone.
13:28 of 2nd period - Snap shot by Boo Nieves.
13:28 of 2nd period - Stopped by Ivan Prosvetov with a rebound.
13:46 of 2nd period - Slapshot by Brett Kulak.
13:46 of 2nd period - Goal by Brett Kulak - Worcester Sharks : 1 - Hershey Bears : 2.
13:47 of 2nd period - Garrett Pilon wins face-off versus Colby Cave in neutral zone.
14:17 of 2nd period - Snap shot by Ross Colton.
14:17 of 2nd period - Shot Misses the Net.
14:19 of 2nd period - Snap shot by Matt Donovan.
14:19 of 2nd period - Stopped by Ivan Prosvetov with a rebound.
14:21 of 2nd period - Wrist shot by Ross Colton.
14:21 of 2nd period - Stopped by Ivan Prosvetov with a rebound.
14:23 of 2nd period - Wrist shot by Eric Tangradi.
14:23 of 2nd period - Shot Misses the Net.
14:25 of 2nd period - Snap shot by Ross Colton.
14:25 of 2nd period - Deflect By Eric Tangradi.
14:25 of 2nd period - Shot Misses the Net.
14:25 of 2nd period - Puck is out of play.
14:26 of 2nd period - Andy Miele wins face-off versus Boo Nieves in Worcester Sharks zone.
15:17 of 2nd period - Off-side.
15:18 of 2nd period - Boo Nieves wins face-off versus Hudson Elynuik in neutral zone.
15:18 of 2nd period - Boo Nieves is hit by Nikita Jevpalovs.
15:22 of 2nd period - Slapshot by Matt Donovan.
15:22 of 2nd period - Deflect By Brett Kulak.
15:22 of 2nd period - Stopped by Ivan Prosvetov without a rebound.
15:23 of 2nd period - Hudson Elynuik wins face-off versus Boo Nieves in Worcester Sharks zone.
15:28 of 2nd period - Slapshot by Brett Kulak.
15:28 of 2nd period - Stopped by Joseph Woll with a rebound.
16:00 of 2nd period - Wrist shot by Jordy Bellerive.
16:00 of 2nd period - Shot Blocked by Nikita Jevpalovs.
16:16 of 2nd period - Wrist shot by Nikita Jevpalovs.
16:16 of 2nd period - Shot Misses the Net.
16:18 of 2nd period - Wrist shot by Hudson Elynuik.
16:18 of 2nd period - Stopped by Joseph Woll with a rebound.
17:15 of 2nd period - Snap shot by Carsen Twarynski.
17:15 of 2nd period - Deflect By Joseph Veleno.
17:15 of 2nd period - Shot Blocked by Parker Wotherspoon.
17:15 of 2nd period - Puck is out of play.
17:16 of 2nd period - Jordy Bellerive wins face-off versus Joseph Veleno in Hershey Bears zone.
17:23 of 2nd period - Wrist shot by Brian Gibbons.
17:23 of 2nd period - Shot Misses the Net.
17:25 of 2nd period - Slapshot by Frank Corrado.
17:25 of 2nd period - Shot Blocked by Jani Hakanpaa.
17:27 of 2nd period - Slapshot by Nelson Nogier.
17:27 of 2nd period - Stopped by Joseph Woll without a rebound.
17:28 of 2nd period - Boo Nieves wins face-off versus Remi Elie in Hershey Bears zone.
17:33 of 2nd period - Backhand shot by Cory Conacher.
17:33 of 2nd period - Stopped by Ivan Prosvetov with a rebound.
17:35 of 2nd period - Slapshot by Sean Durzi.
17:35 of 2nd period - Deflect By Boo Nieves.
17:35 of 2nd period - Stopped by Ivan Prosvetov without a rebound.
17:36 of 2nd period - Boo Nieves wins face-off versus Andy Miele in Worcester Sharks zone.
18:28 of 2nd period - Joseph Veleno is hit by Marian Studenic and loses puck.
Goals for this period are 1 for Worcester Sharks vs 2 for Hershey Bears.
Shots for this period are 14 for Worcester Sharks vs 18 for Hershey Bears.

3rd period


0:01 of 3rd period - Andy Miele wins face-off versus Boo Nieves in neutral zone.
0:39 of 3rd period - Dalton Prout is hit by Garrett Pilon and loses puck.
1:35 of 3rd period - Slapshot by Frank Corrado.
1:35 of 3rd period - Shot Misses the Net.
2:00 of 3rd period - Snap shot by Joseph Veleno.
2:00 of 3rd period - Stopped by Joseph Woll with a rebound.
2:02 of 3rd period - Slapshot by Frank Corrado.
2:02 of 3rd period - Shot Misses the Net.
2:04 of 3rd period - Snap shot by Joseph Veleno.
2:04 of 3rd period - Stopped by Joseph Woll with a rebound.
2:06 of 3rd period - Slapshot by Frank Corrado.
2:06 of 3rd period - Deflect By Maksim Sushko.
2:06 of 3rd period - Stopped by Joseph Woll without a rebound.
2:07 of 3rd period - Andy Miele wins face-off versus Cory Conacher in Hershey Bears zone.
2:32 of 3rd period - Remi Elie is hit by Dalton Prout and loses puck.
2:38 of 3rd period - Off-side.
2:39 of 3rd period - Garrett Pilon wins face-off versus Jordy Bellerive in neutral zone.
2:46 of 3rd period - Snap shot by Jordy Bellerive.
2:46 of 3rd period - Stopped by Ivan Prosvetov without a rebound.
2:47 of 3rd period - Boo Nieves wins face-off versus Garrett Pilon in Worcester Sharks zone.
2:53 of 3rd period - Brandon Pirri is hit by Alexander True and loses puck.
2:58 of 3rd period - Snap shot by Brett Kulak.
2:58 of 3rd period - Shot Blocked by Jani Hakanpaa.
3:00 of 3rd period - Wrist shot by Brandon Pirri.
3:00 of 3rd period - Shot Misses the Net.
3:02 of 3rd period - Wrist shot by Brandon Pirri.
3:02 of 3rd period - Shot Blocked by Nick DeSimone.
3:15 of 3rd period - Icing by Brett Kulak.
3:16 of 3rd period - Andy Miele wins face-off versus Colby Cave in Worcester Sharks zone.
3:25 of 3rd period - Slapshot by Andy Miele.
3:25 of 3rd period - Shot Misses the Net.
3:27 of 3rd period - Wrist shot by Remi Elie.
3:27 of 3rd period - Stopped by Joseph Woll with a rebound.
3:29 of 3rd period - Snap shot by Andy Miele.
3:29 of 3rd period - Stopped by Joseph Woll with a rebound.
3:31 of 3rd period - Snap shot by Andy Miele.
3:31 of 3rd period - Stopped by Joseph Woll with a rebound.
3:33 of 3rd period - Slapshot by Kristians Rubins.
3:33 of 3rd period - Stopped by Joseph Woll without a rebound.
3:34 of 3rd period - Garrett Pilon wins face-off versus Boo Nieves in Hershey Bears zone.
4:04 of 3rd period - Snap shot by Jani Hakanpaa.
4:04 of 3rd period - Stopped by Ivan Prosvetov without a rebound.
4:05 of 3rd period - Colby Cave wins face-off versus Andy Miele in Worcester Sharks zone.
4:20 of 3rd period - Slapshot by Kristians Rubins.
4:20 of 3rd period - Deflect By Ross Colton.
4:20 of 3rd period - Stopped by Joseph Woll with a rebound.
5:17 of 3rd period - Off-side.
5:18 of 3rd period - Travis St. Denis wins face-off versus Hudson Elynuik in neutral zone.
5:41 of 3rd period - Snap shot by Hudson Elynuik.
5:41 of 3rd period - Stopped by Joseph Woll with a rebound.
5:59 of 3rd period - Nikita Jevpalovs is hit by Thomas Di Pauli and loses puck.
6:12 of 3rd period - Jimmy Schuldt is hit by Thomas Di Pauli and loses puck.
6:17 of 3rd period - Snap shot by Travis St. Denis.
6:17 of 3rd period - Shot Misses the Net.
6:19 of 3rd period - Slapshot by Nick DeSimone.
6:19 of 3rd period - Stopped by Ivan Prosvetov without a rebound.
6:20 of 3rd period - Garrett Pilon wins face-off versus Boo Nieves in Worcester Sharks zone.
6:20 of 3rd period - Garrett Pilon is hit by Boo Nieves.
6:26 of 3rd period - Wrist shot by Garrett Pilon.
6:26 of 3rd period - Shot Misses the Net.
6:30 of 3rd period - Snap shot by Garrett Pilon.
6:30 of 3rd period - Shot Misses the Net.
6:32 of 3rd period - Slapshot by Kristians Rubins.
6:32 of 3rd period - Stopped by Joseph Woll with a rebound.
6:34 of 3rd period - Backhand shot by Kristians Rubins.
6:34 of 3rd period - Stopped by Joseph Woll with a rebound.
6:36 of 3rd period - Wrist shot by Brandon Pirri.
6:36 of 3rd period - Stopped by Joseph Woll without a rebound.
6:37 of 3rd period - Andy Miele wins face-off versus Colby Cave in Hershey Bears zone.
6:58 of 3rd period - Minor Penalty to Brett Kulak for Close Hand On Puck.
6:59 of 3rd period - Travis Boyd wins face-off versus Boo Nieves in Worcester Sharks zone.
7:40 of 3rd period - Frank Corrado is hit by Colby Cave and loses puck.
8:35 of 3rd period - Icing by Colby Cave.
8:36 of 3rd period - Brent Gates wins face-off versus Colby Cave in Hershey Bears zone.
8:37 of 3rd period - Snap shot by Remi Elie.
8:37 of 3rd period - Stopped by Joseph Woll with a rebound.
8:58 of 3rd period - Penalty to Brett Kulak is over, Brett Kulak is back on ice.
9:09 of 3rd period - Slapshot by Kristians Rubins.
9:09 of 3rd period - Shot Misses the Net.
9:11 of 3rd period - Wrist shot by Garrett Pilon.
9:11 of 3rd period - Stopped by Joseph Woll with a rebound.
9:25 of 3rd period - Slapshot by Marian Studenic.
9:25 of 3rd period - Shot Misses the Net.
10:21 of 3rd period - Parker Wotherspoon is hit by Brent Gates and loses puck.
11:35 of 3rd period - Snap shot by Nikita Jevpalovs.
11:35 of 3rd period - Stopped by Joseph Woll with a rebound.
12:30 of 3rd period - Snap shot by Nikita Jevpalovs.
12:30 of 3rd period - Shot Hit the Post.
12:32 of 3rd period - Snap shot by Nikita Jevpalovs.
12:32 of 3rd period - Stopped by Joseph Woll with a rebound.
12:34 of 3rd period - Slapshot by Frank Corrado.
12:34 of 3rd period - Stopped by Joseph Woll with a rebound.
12:44 of 3rd period - Snap shot by Matt Donovan.
12:44 of 3rd period - Stopped by Ivan Prosvetov without a rebound.
12:45 of 3rd period - Colby Cave wins face-off versus Joseph Veleno in Worcester Sharks zone.
12:53 of 3rd period - Slapshot by Sean Durzi.
12:53 of 3rd period - Deflect By Eric Tangradi.
12:53 of 3rd period - Stopped by Ivan Prosvetov without a rebound.
12:54 of 3rd period - Boo Nieves wins face-off versus Andy Miele in Worcester Sharks zone.
13:02 of 3rd period - Off-side.
13:03 of 3rd period - Boo Nieves wins face-off versus Andy Miele in neutral zone.
13:28 of 3rd period - Wrist shot by Travis Boyd.
13:28 of 3rd period - Shot Blocked by Matt Donovan.
13:30 of 3rd period - Wrist shot by Travis Boyd.
13:30 of 3rd period - Shot Misses the Net.
13:32 of 3rd period - Snap shot by Remi Elie.
13:32 of 3rd period - Shot Misses the Net.
13:34 of 3rd period - Snap shot by Remi Elie.
13:34 of 3rd period - Shot Hit the Post.
14:16 of 3rd period - Snap shot by Alexander True.
14:16 of 3rd period - Stopped by Ivan Prosvetov without a rebound.
14:17 of 3rd period - Garrett Pilon wins face-off versus Colby Cave in Worcester Sharks zone.
14:17 of 3rd period - Garrett Pilon is hit by Ross Colton.
14:25 of 3rd period - Snap shot by Ross Colton.
14:25 of 3rd period - Stopped by Ivan Prosvetov without a rebound.
14:26 of 3rd period - Ross Colton wins face-off versus Garrett Pilon in Worcester Sharks zone.
14:27 of 3rd period - Snap shot by Colby Cave.
14:27 of 3rd period - Shot Hit the Post.
14:43 of 3rd period - Snap shot by Ross Colton.
14:43 of 3rd period - Deflect By Eric Tangradi.
14:43 of 3rd period - Shot Misses the Net.
14:43 of 3rd period - Puck is out of play.
14:44 of 3rd period - Joseph Veleno wins face-off versus Maksim Sushko in Worcester Sharks zone.
15:14 of 3rd period - Snap shot by David Gust.
15:14 of 3rd period - Stopped by Joseph Woll with a rebound.
16:01 of 3rd period - Snap shot by Travis St. Denis.
16:01 of 3rd period - Shot Misses the Net.
16:03 of 3rd period - Snap shot by Matt Donovan.
16:03 of 3rd period - Shot Blocked by Kristians Rubins.
16:05 of 3rd period - Wrist shot by Travis St. Denis.
16:05 of 3rd period - Shot Misses the Net.
16:19 of 3rd period - Wrist shot by Brandon Pirri.
16:19 of 3rd period - Shot Misses the Net.
16:36 of 3rd period - Off-side.
16:37 of 3rd period - Ross Colton wins face-off versus Andy Miele in neutral zone.
16:49 of 3rd period - Minor Penalty to Eric Tangradi for Tripping.
16:50 of 3rd period - Cory Conacher wins face-off versus Travis Boyd in Hershey Bears zone.
16:54 of 3rd period - Wrist shot by Cory Conacher.
16:54 of 3rd period - Shot Misses the Net.
17:12 of 3rd period - Cory Conacher is hit by Andy Miele and loses puck.
17:31 of 3rd period - Snap shot by Carsen Twarynski.
17:31 of 3rd period - Stopped by Joseph Woll with a rebound.
17:33 of 3rd period - Slapshot by Brett Kulak.
17:33 of 3rd period - Deflect By Carsen Twarynski.
17:33 of 3rd period - Shot Misses the Net.
17:33 of 3rd period - Puck is out of play.
17:34 of 3rd period - Cory Conacher wins face-off versus Garrett Pilon in Hershey Bears zone.
17:34 of 3rd period - Cory Conacher is hit by Brent Gates.
17:46 of 3rd period - Snap shot by Carsen Twarynski.
17:46 of 3rd period - Stopped by Joseph Woll without a rebound.
17:47 of 3rd period - Andy Miele wins face-off versus Cory Conacher in Hershey Bears zone.
17:50 of 3rd period - Snap shot by Andy Miele.
17:50 of 3rd period - Goal by Andy Miele - Worcester Sharks : 2 - Hershey Bears : 2.
17:51 of 3rd period - Joseph Veleno wins face-off versus Boo Nieves in neutral zone.
17:58 of 3rd period - Slapshot by Dalton Prout.
17:58 of 3rd period - Shot Blocked by Frank Corrado.
18:00 of 3rd period - Snap shot by Cory Conacher.
18:00 of 3rd period - Goal by Cory Conacher - Worcester Sharks : 2 - Hershey Bears : 3.
18:01 of 3rd period - Boo Nieves wins face-off versus Joseph Veleno in neutral zone.
18:04 of 3rd period - Snap shot by Boo Nieves.
18:04 of 3rd period - Stopped by Ivan Prosvetov with a rebound.
18:08 of 3rd period - Snap shot by Cory Conacher.
18:08 of 3rd period - Stopped by Ivan Prosvetov with a rebound.
18:10 of 3rd period - Snap shot by Matt Donovan.
18:10 of 3rd period - Shot Misses the Net.
18:33 of 3rd period - Backhand shot by Ross Colton.
18:33 of 3rd period - Shot Blocked by Brian Gibbons.
18:41 of 3rd period - Slapshot by Nelson Nogier.
18:41 of 3rd period - Stopped by Joseph Woll without a rebound.
18:42 of 3rd period - Jordy Bellerive wins face-off versus Andy Miele in Hershey Bears zone.
18:50 of 3rd period - Jani Hakanpaa and Frank Corrado fight to a draw.
18:50 of 3rd period - Penalty to Jani Hakanpaa for Fighting.
18:50 of 3rd period - Penalty to Frank Corrado for Fighting.
18:51 of 3rd period - Alexander True wins face-off versus Travis Boyd in Worcester Sharks zone.
19:04 of 3rd period - Worcester Sharks, Ivan Prosvetov is pulled from the net.
19:04 of 3rd period - Slapshot by Nikita Jevpalovs.
19:04 of 3rd period - Stopped by Joseph Woll with a rebound.
19:20 of 3rd period - Wrist shot by Brandon Pirri.
19:20 of 3rd period - Shot Misses the Net.
19:22 of 3rd period - Wrist shot by Nikita Jevpalovs.
19:22 of 3rd period - Shot Misses the Net.
19:30 of 3rd period - Wrist shot by Travis Boyd.
19:30 of 3rd period - Shot Misses the Net.
19:40 of 3rd period - Backhand shot by Brandon Pirri.
19:40 of 3rd period - Shot Misses the Net.
19:56 of 3rd period - Slapshot by Brandon Pirri.
19:56 of 3rd period - Shot Misses the Net.
19:58 of 3rd period - Wrist shot by Brett Kulak.
19:58 of 3rd period - Shot Misses the Net.
Goals for this period are 1 for Worcester Sharks vs 1 for Hershey Bears.
Shots for this period are 23 for Worcester Sharks vs 10 for Hershey Bears. Output by the SimonT Hockey Simulator (STHS) for Alexandre Lamarre - Original Page W3C HTML5 Valid
Hockey Simulator - Hockey Simulation - Hockey Manager